 Dungeon Crawl Stone Soup version 0.21.1-1-g345015f (webtiles) character file.

833 teukkam the Skirmisher (level 7, -3/63 HPs)
             Began as a Minotaur Berserker on July 24, 2018.
             Was a Priest of Trog.
             Slain by a hornet (12 damage)
             ... on level 4 of the Dungeon.
             The game lasted 00:10:11 (2491 turns).

teukkam the Skirmisher (Minotaur Berserker)         Turns: 2491, Time: 00:10:11

Health: -3/63      AC: 11    Str: 29    XL:     7   Next: 65%
Magic:  6/6        EV: 11    Int: 14    God:    Trog [***...]
Gold:   237        SH:  2    Dex:  9    Spells: 6/6 levels left

rFire    . . .     SeeInvis .   b - +0 hand axe
rCold    . . .     Gourm    .   (no shield)
rNeg     . . .     Faith    .   E - +0 chain mail
rPois    +         Spirit   .   r - +1 hat
rElec    .         Reflect  +   (no cloak)
rCorr    .         Harm     .   (no gloves)
MR       .....                  (no boots)
Stlth    ..........             B - +2 amulet of reflection
HPRegen  0.20/turn              o - ring of poison resistance
MPRegen  0.10/turn              z - +5 ring of intelligence

@: mighty, brilliant, lethally poisoned (-3 -> -5), very slightly contaminated
A: retaliatory headbutt, horns 2
a: Berserk, Trog's Hand, Burn Spellbooks, Renounce Religion


You were on level 4 of the Dungeon.
You worshipped Trog.
Trog was most pleased with you.
You were not hungry.

You visited 1 branch of the dungeon, and saw 4 of its levels.

You collected 237 gold pieces.

Inventory:

Hand Weapons
 a - a +0 falchion
 b - a +0 hand axe (weapon)
 q - a +0 halberd
Missiles
 f - 53 sling bullets
 w - 6 needles of confusion
 y - 13 tomahawks (quivered)
Armour
 r - a +1 hat (worn)
 E - a +0 chain mail (worn)
Jewellery
 o - a ring of poison resistance (left hand)
 z - a +5 ring of intelligence (right hand)
 B - a +2 amulet of reflection (around neck)
Wands
 A - a wand of random effects (34)
Scrolls
 d - a scroll of blinking
 h - a scroll of amnesia {unknown}
 k - 3 scrolls of immolation {unknown}
 m - 6 scrolls of teleportation {unknown}
 n - a scroll of remove curse {unknown}
 p - 2 scrolls of identify {unknown}
 s - a scroll of random uselessness {unknown}
 v - a scroll of fog {unknown}
 C - a scroll of fear {unknown}
Potions
 g - a potion of might
 i - 4 potions of curing {unknown}
 j - 2 potions of heal wounds
 l - a potion of cancellation {unknown}
 u - a potion of agility {unknown}
 D - a potion of invisibility {unknown}
Books
 x - a book of Minor Magic

   Spells                             Type                      Level
   a - Magic Dart                     Conjuration                  1
   b - Blink                          Translocation                2
   c - Call Imp                       Summoning                    2
   d - Slow                           Hexes                        2
   e - Conjure Flame                  Conjuration/Fire             3
   f - Mephitic Cloud                 Conjuration/Poison/Air       3
   Trog disapproves of the use of such an item.
 F - a book of Misfortune

   Spells                             Type                      Level
   a - Confusing Touch                Hexes                        1
   b - Confuse                        Hexes                        3
   c - Gell's Gravitas                Translocation                3
   d - Petrify                        Transmutation/Earth          4
   e - Metabolic Englaciation         Hexes/Ice                    5
   f - Yara's Violent Unravelling     Hexes/Transmutation          5
   Trog disapproves of the use of such an item.
Comestibles
 c - 8 rations
 t - 6 chunks of flesh


   Skills:
 + Level 6.3 Fighting
 + Level 2.0 Long Blades
 - Level 4.6(5.1) Axes
 - Level 3.2(4.4) Polearms
 + Level 5.6 Armour
 + Level 5.2 Dodging


You had 6 spell levels left.
You didn't know any spells.

Dungeon Overview and Level Annotations

Branches:
Dungeon (4/15)
 Temple: D:4-7

Altars:
Sif Muna
Trog


Innate Abilities, Weirdness & Mutations

You reflexively headbutt those who attack you in melee.
You have a pair of horns on your head.


Message History

The hornet stings you but does no damage.
A howler monkey opens the door.
The hornet stings you.
* * * LOW HITPOINT WARNING * * *
The hornet stings you.
* * * LOW HITPOINT WARNING * * *
A hound comes into view.
It was a potion of might.
You feel very mighty all of a sudden.
You feel sick. The hornet barely misses you. You furiously retaliate!
You headbutt the hornet!
The hornet stings you but does no damage.
The howler monkey hoots and howls with incredible vigour!
The hornet misses you.
You hear a bark!
A howler monkey comes into view.
Your chain mail prevents you from hitting the hornet.
The hornet is moderately wounded.
You feel yourself speed up. The hornet stings you!
You die...

...............# #.#
###...########.## #.#
..##.## #..## #.# #.##.#
######...####.### #.##.#
#...............######
#.##.#
#.####.....####......####
#.##.####.#
##...##..#.####.....
#.##......# ##.##...#.#
#####. Z....###..##
#@#...##.# #. ...#.#
#...## +#y#'.##..########.
...#.#
#....###hFh###............
.....#
#........8........#######.
...### ##...###h..###....#
#. ...# #..##
'#.#'.##...## #. ##.# #.##
.#.#...##......# #. ##.#
#.# .##.##...#..###.###.
##.#### #.#
##...##.?#..###.##..


You could see a hornet, a bullfrog, 2 howler monkeys and a hound.

Vanquished Creatures
  Sigmund (D:4)
  Eustachio (D:4)
  An ogre (D:4)
  The ghost of Ethylacetat the Poker, a weakling NaGl (D:3)
  2 hounds (D:4)
  An orc priest (D:4)
  An orc wizard (D:4)
  A bullfrog skeleton (D:4)
  Jessica (D:2)
  3 worker ants
  4 adders
  4 gnolls (D:2)
  A shadow imp (D:4)
  3 oozes
  A worm (D:4)
  A dart slug (D:4)
  3 leopard geckos
  7 orcs (D:4)
  A ball python (D:1)
  8 giant cockroaches
  4 goblins
  4 hobgoblins
  4 jackals (D:1)
  A quokka (D:4)
  5 bats
  4 frilled lizards
  2 kobolds
  7 rats
77 creatures vanquished.

Notes
Turn   | Place    | Note
-------+----------+-------------------------------------------
     0 | D:1      | teukkam the Minotaur Berserker began the quest for the Orb.
     0 | D:1      | Reached XP level 1. HP: 19/19 MP: 0/0
   107 | D:1      | Reached XP level 2. HP: 12/27 MP: 1/1
   189 | D:1      | Reached skill level 4 in Fighting
   514 | D:2      | Reached XP level 3. HP: 32/33 MP: 2/2
   625 | D:2      | Reached ** piety under Trog
   747 | D:2      | Reached XP level 4. HP: 41/41 MP: 3/3
   749 | D:2      | Noticed Jessica
   757 | D:2      | Killed Jessica
  1037 | D:2      | Reached XP level 5. HP: 47/47 MP: 4/4
  1049 | D:2      | Found a bloodstained altar of Trog.
  1289 | D:3      | Noticed Ethylacetat's ghost (weakling NaGl)
  1298 | D:3      | Killed Ethylacetat's ghost
  1298 | D:3      | Reached skill level 1 in Polearms
  1578 | D:3      | Reached skill level 5 in Fighting
  1784 | D:4      | Noticed an ogre
  1819 | D:4      | Killed an ogre
  1819 | D:4      | Reached XP level 6. HP: 56/56 MP: 5/5
  1963 | D:4      | Noticed Eustachio
  1982 | D:4      | Killed Eustachio
  1982 | D:4      | Reached skill level 5 in Armour
  1982 | D:4      | Reached XP level 7. HP: 57/62 MP: 6/6
  2001 | D:4      | Found a deep blue altar of Sif Muna.
  2216 | D:4      | Noticed Sigmund
  2223 | D:4      | Killed Sigmund
  2223 | D:4      | Reached skill level 6 in Fighting
  2223 | D:4      | Reached skill level 1 in Long Blades
  2223 | D:4      | Reached skill level 5 in Dodging
  2361 | D:4      | Reached *** piety under Trog
  2480 | D:4      | Noticed a hornet
  2485 | D:4      | Paralysed by a hornet for 2 turns
  2491 | D:4      | Slain by a hornet

Skill      XL: |  1  2  3  4  5  6  7 |
---------------+----------------------+-----
Fighting       | 4 5 6 |  6.3
Axes           | 4 |  4.6
Armour         | 3 4 5 |  5.6
Dodging        | 3 4 5 |  5.2
Polearms       | 2 3 |  3.2
Long Blades    | 2 |  2.0

Action                   |  1- 3 |  4- 6 |  7- 9 || total
-------------------------+-------+-------+-------++-------
Melee: Hand axe          |    71 |    69 |    10 ||   150
       Headbutt          |     9 |     9 |    10 ||    28
       Falchion          |       |       |    23 ||    23
Throw: Tomahawk          |       |     2 |     2 ||     4
Invok: Berserk           |     1 |     3 |     1 ||     5
Evoke: Wand              |       |       |     3 ||     3
  Use: Potion            |       |       |     4 ||     4
       Scroll            |       |       |     1 ||     1
  Eat: Chunk             |       |     6 |     1 ||     7
       Ration            |       |       |     1 ||     1
Armor: Animal skin       |    13 |     3 |       ||    16
       Scale mail        |       |    23 |     3 ||    26
       Chain mail        |       |       |    11 ||    11
Dodge: Dodged            |    49 |    53 |    25 ||   127
Block: Other             |       |     2 |     2 ||     4
       Rpst.: Falchion   |       |       |     4 ||     4
